 Dungeon Crawl Stone Soup version 0.31-a0-986-g5e6e4ef867 (webtiles) character file.

Game seed: 4148438416633333076

1298 gelatine the Firebug (level 8, -8/56 HPs)
             Began as a Demonspawn Fire Elementalist on Nov 6, 2023.
             Mangled by a yak (14 damage)
             ... on level 5 of the Dungeon.
             The game lasted 00:13:10 (4341 turns).

gelatine the Firebug (Demonspawn Fire Elementalist) Turns: 4341, Time: 00:13:11

Health: -8/56      AC:  4    Str:  8    XL:     8   Next: 31%
Magic:  0/24       EV: 13    Int: 19    God:
Gold:   364        SH:  0    Dex: 14    Spells: 4/17 levels left

rFire   + . .        c - +2 short sword (flame)
rCold   x . .        (no shield)
rNeg    . . .        v - +2 robe {Will+}
rPois   .            (no helmet)
rElec   .            (no cloak)
rCorr   .            (no gloves)
SInv    .            (no boots)
Will    +....        (no amulet)
Stlth   ++           l - ring of magical power
HPRegen 0.29/turn    t - ring of fire
MPRegen 0.38/turn

%: guardian spirit
@: very slightly contaminated
A: hooves 2, powered by pain 1, magic shield, magic regeneration, sturdy frame 1
a: no special abilities


You were on level 5 of the Dungeon.
You visited 1 branch of the dungeon, and saw 6 of its levels.

You collected 364 gold pieces.

Inventory:

Hand Weapons
 c - a +2 short sword of flaming (weapon)
 m - a +3 whip
 x - a +1 dagger of venom
Missiles
 k - a throwing net
Armour
 v - a +2 robe of willpower (worn)
 y - a +2 ring mail of fire resistance
Jewellery
 l - a ring of magical power (left hand)
 t - a ring of fire (right hand)
Talismans
 A - a beast talisman
Wands
 q - a wand of digging (6)
 C - a wand of charming (9)
Scrolls
 d - 2 scrolls of immolation {unknown}
 e - 4 scrolls of identify {unknown}
 f - 3 scrolls of blinking {unknown}
 g - a scroll of torment {unknown}
 i - 4 scrolls of brand weapon {unknown}
 j - 2 scrolls of silence {unknown}
 o - 2 scrolls of fear {unknown}
 u - 2 scrolls of fog {unknown}
 D - a scroll of enchant armour {unknown}
Potions
 a - a potion of might {unknown}
 b - a potion of magic
 h - 2 potions of mutation {unknown}
 n - a potion of enlightenment {unknown}
 p - a potion of heal wounds {unknown}
 r - a potion of invisibility {unknown}
 s - a potion of curing {unknown}
 w - a potion of ambrosia {unknown}
 z - a potion of haste {unknown}
 B - a potion of degeneration {unknown}


   Skills:
 * Level 2.0 Fighting
 + Level 0.9 Short Blades
 * Level 1.4 Armour
 * Level 3.1 Dodging
 + Level 2.5 Stealth
 * Level 5.1 Spellcasting
 * Level 3.3 Conjurations
 * Level 1.9 Hexes
 * Level 2.0 Translocations
 * Level 5.3 Fire Magic


You had 4 spell levels left.
You knew the following spells:

 Your Spells              Type           Power      Damage    Failure   Level
a - Foxfire               Conj/Fire      100%       2x1d9     1%          1
b - Scorch                Fire           76%        2d8       1%          2
c - Inner Flame           Hex/Fire       28%        N/A       9%          3
d - Volatile Blastmotes   Fire/Tloc      56%        2d14      8%          3
e - Flame Wave            Conj/Fire      32%        2d9       21%         4

Your spell library contained the following spells:

 Spells                   Type           Power      Damage    Failure   Level
 Lesser Beckoning         Tloc           24%        N/A       9%          2
 Gell's Gravitas          Tloc           12%        N/A       16%         3
 Teleport Other           Tloc           12%        N/A       16%         3
 Tukima's Dance           Hex            12%        N/A       16%         3
 Passage of Golubria      Tloc           12%        N/A       47%         4
 Yara's Violent Unravell  Hex/Tmut       4%         3d4       92%         5
 Starburst                Conj/Fire      16%        6d6       97%         6
 Plasma Beam              Fire/Air       11%        2x1d22    99%         6


Dungeon Overview and Level Annotations

Branches:
Dungeon (6/15)
 Temple: D:4-7

Altars:
Sif Muna


Innate Abilities, Weirdness & Mutations

You have hoof-like feet.
You sometimes gain a little power by taking damage.
When hurt, damage is shared between your health and your magic reserves.
You regenerate magic rapidly.
Your movements are slightly less encumbered by armour. (ER -2)


Message History

Restarting spell: Flame Wave (quite dangerous; 21% risk of failure)
Press: ? - help, Dir - look around, f - activate You feel a surge of power!
You miscast Flame Wave.
You are very lightly contaminated with residual magic.
The air around you burns with energy. You resist. The yak gores you.
The yak closely misses you. The yak gores you!
* * * LOW HITPOINT WARNING * * *
You focus on the pain.
You feel your power returning.
Casting: Flame Wave (quite dangerous; 21% risk of failure)
Confirm with . or Enter, or press ? or * to list all spells.
Casting: Flame Wave (quite dangerous; 21% risk of failure)
Press: ? - help, Dir - look around, f - activate You feel a surge of power!
A wave of flame ripples out!
The flame wave engulfs the yak.
The yak is moderately wounded.
The flame wave engulfs the yak!
The yak is heavily wounded.
The flame wave engulfs the yak.
The yak is lightly wounded. (Press . to intensify the flame waves.)
The yak gores you!
* * * LOW HITPOINT WARNING * * *
The yak closely misses you. The yak misses you.
A wave of flame ripples out!
The flame wave engulfs the yak.
The yak is heavily wounded.
The flame wave engulfs the yak but does no damage.
The yak is heavily wounded.
The flame wave engulfs the yak!
The yak is heavily wounded.
The yak gores you.
* * * LOW HITPOINT WARNING * * *
The yak gores you but does no damage. The yak closely misses you.
A wave of flame ripples out!
The flame wave engulfs the yak!
The yak is severely wounded.
The flame wave engulfs the yak but does no damage.
The yak is heavily wounded.
The flame wave engulfs the yak.
The yak is heavily wounded.
You finish channelling waves of flame.
The yak gores you!
You die...

#....##########'###...Y########
#..................##'#........
#..................#..#........
#.......[..........#..+...Y....
#.........)........#..#........
#..........).......#..#....Y...
#..................####........
#######......YYY...# #######'#
#.......@....#. #.......#
#............#. #....Y.Y#
#)...........#..#..Y....#
#............+..#.......#
#............#YY'.......#
######.......# #.......#
#.......# #.......# #.......#
#Y......# ##..##..#


You could see 3 yaks.

Vanquished Creatures
  Sigmund (D:3)
  2 yaks
  Edmund (D:6)
  A water moccasin (D:6)
  An ogre (D:4)
  The ghost of strawberryx3c the Grave Robber, an amateur OpWn (D:3)
  2 hounds
  An orc priest (D:4)
  Jessica (D:3)
  3 iguanas (D:4)
  4 orc wizards
  7 adders
  A white imp (D:6)
  3 worms (D:2)
  6 dart slugs
  8 orcs
  5 endoplasms
  7 hobgoblins
  4 jackals (D:1)
  A quokka (D:5)
  4 ball pythons
  13 bats
  4 frilled lizards
  10 goblins
  11 kobolds
  2 rats
104 creatures vanquished.

Vanquished Creatures (others)
  An orc wizard (D:4)
  352 foxfires
353 creatures vanquished.

Grand Total: 457 creatures vanquished

Notes
Turn   | Place    | Note
-------+----------+-------------------------------------------
     0 | D:1      | gelatine the Demonspawn Fire Elementalist began the quest
                  | for the Orb.
     0 | D:1      | Reached XP level 1. HP: 13/13 MP: 3/3
   280 | D:1      | Gained mutation: You sometimes gain a little power by
                  | taking damage. [demonic ancestry]
   280 | D:1      | Reached XP level 2. HP: 19/19 MP: 3/5
   422 | D:1      | Learned a level 2 spell: Scorch
  1005 | D:2      | Gained mutation: You regenerate magic rapidly. [demonic
                  | ancestry]
  1005 | D:2      | Reached XP level 3. HP: 24/24 MP: 6/6
  1212 | D:2      | Found a shimmering blue altar of Sif Muna.
  1454 | D:2      | Gained mutation: Your movements are slightly less
                  | encumbered by armour. (ER -2) [demonic ancestry]
  1454 | D:2      | Reached XP level 4. HP: 30/30 MP: 8/8
  2128 | D:3      | Noticed Sigmund
  2135 | D:3      | Killed Sigmund
  2136 | D:3      | Gained mutation: You have large cloven feet. [demonic
                  | ancestry]
  2136 | D:3      | Reached XP level 5. HP: 22/35 MP: 9/10
  2136 | D:3      | Gained mutation: When hurt, damage is shared between your
                  | health and your magic reserves. [demonic ancestry]
  2136 | D:3      | Reached XP level 6. HP: 26/41 MP: 9/11
  2157 | D:3      | Learned a level 3 spell: Inner Flame
  2161 | D:3      | Learned a level 3 spell: Volatile Blastmotes
  2421 | D:3      | Noticed strawberryx3c's ghost (amateur OpWn)
  2425 | D:3      | Found a runed translucent door.
  2678 | D:3      | Noticed Jessica
  2688 | D:3      | Killed Jessica
  2988 | D:3      | Killed strawberryx3c's ghost
  3102 | D:4      | Reached XP level 7. HP: 47/47 MP: 13/13
  3279 | D:4      | Reached skill level 1 in Translocations
  3395 | D:4      | Reached skill level 1 in Fighting
  3395 | D:4      | Reached skill level 1 in Hexes
  3789 | D:5      | Entered Level 5 of the Dungeon
  3807 | D:5      | Noticed a yak
  3807 | D:5      | Noticed a yak
  3807 | D:5      | Noticed a yak
  3807 | D:5      | Noticed a yak
  3807 | D:5      | Noticed a yak
  3807 | D:5      | Noticed a yak
  3818 | D:4      | Killed a yak
  3819 | D:4      | Reached skill level 5 in Fire Magic
  3824 | D:4      | Learned a level 4 spell: Flame Wave
  4078 | D:5      | You fall into a shaft and drop 1 floor!
  4086 | D:6      | Reached skill level 1 in Armour
  4086 | D:6      | Gained mutation: You have hoof-like feet. [demonic
                  | ancestry]
  4086 | D:6      | Reached XP level 8. HP: 54/54 MP: 15/15
  4188 | D:5      | Reached skill level 5 in Spellcasting
  4317 | D:6      | Noticed Edmund
  4328 | D:6      | Killed Edmund
  4341 | D:5      | Mangled by a yak

Illustrated notes

Levels and vault maps discovered:
D:1:      minmay_arrival_hallway, layout_rooms
D:2:      minmay_razor_zed, layout_basic, basic_altar, minmay_statues_item
D:3:      layout_basic, elyvilon_altar_4, hellmonk_ghost_happy_afterlife,
          nicolae_concentric_dashed_squares_wild, uniq_jessica, uniq_sigmund
D:4:      layout_loops_cross
D:5:      layout_gridville, hangedman_decor_push
D:6:      nicolae_whirlpool, layout_cave_pools, mainiacjoe_overflow_alcove_2,
          temple_pool_b, nicolae_underground_beach, uniq_edmund

Skill      XL: |  1  2  3  4  5  6  7  8 |
---------------+-------------------------+-----
Fire Magic     | 3 4 5 |  5.3
Dodging        | 2 3 |  3.1
Spellcasting   | 3 4 5 |  5.1
Conjurations   | 2 3 |  3.3
Stealth        | 2 |  2.5
Translocations | 1 2 |  2.0
Fighting       | 1 2 |  2.0
Hexes          | 1 |  1.9
Armour         | 1 |  1.4
Short Blades   | |  0.9

Action                     |  1- 3 |  4- 6 |  7- 9 || total
---------------------------+-------+-------+-------++-------
  Melee: Unarmed           |     1 |       |       ||     1
         Short sword       |     3 |    14 |    40 ||    57
         Kick              |       |     2 |     9 ||    11
   Cast: Foxfire           |    92 |    88 |    38 ||   218
         Scorch            |       |    14 |    18 ||    32
         Volatile Blastmot |       |     2 |     4 ||     6
         Flame Wave        |       |       |     2 ||     2
   Stab: Sleeping          |       |     2 |     2 ||     4
 Armour: Robe              |     3 |     7 |    16 ||    26
         Ring mail         |       |       |    32 ||    32
  Dodge: Dodged            |     8 |    11 |    24 ||    43

Table legend: (Time is in decaauts)
 A = Elapsed time spent in this place.
 B = Non-inter-level travel time spent in this place.
 C = Inter-level travel time spent in this place.
 D = Time resting spent in this place.
 E = Time spent auto-exploring this place.
 F = Levels seen in this place.
 G = Mean time per level.
                   A        B        C        D        E       F      G
               +--------+--------+--------+--------+--------+-----+--------+
         Total |   4338 |   4257 |     81 |      0 |   3432 |   6 |  723.0 |
       Dungeon |   4338 |   4257 |     81 |      0 |   3432 |   6 |  723.0 |
               +--------+--------+--------+--------+--------+-----+--------+

Top non-repeatable levels by time:
     D:2: 1127 daAuts
     D:1: 999 daAuts
     D:3: 903 daAuts
     D:4: 809 daAuts
     D:5: 327 daAuts
     D:6: 171 daAuts
